 Dungeon Crawl Stone Soup version 0.28-b1-25-g9875b3fc8c (webtiles) character file.

Game seed: 4246834153616682950

588 croobank the Vexing (level 7, -2/76 HPs)
             Began as a Vampire Arcane Marksman on Feb 1, 2022.
             Slain by an orc priest (4 damage)
             ... on level 6 of the Dungeon.
             The game lasted 00:27:19 (3056 turns).

croobank the Vexing (Vampire Arcane Marksman)       Turns: 3056, Time: 00:27:20

Health: -2/76      AC: 23    Str: 11      XL:     7   Next: 15%
Magic:  7/9        EV:  2    Int: 14 (16) God:
Gold:   30         SH:  0    Dex: 14      Spells: 8/9 levels left

rFire   + . .      SeeInvis +   a - +0 dagger (venom)
rCold   x . .      Faith    .   (no shield)
rNeg    . . .      Spirit   .   (armour currently unavailable)
rPois   +          Reflect  .   (helmet currently unavailable)
rElec   .          Harm     .   (cloak currently unavailable)
rCorr   +          Rampage  .   (gloves currently unavailable)
Will    .....      NoTele   +   (boots currently unavailable)
Stlth   ++........              (no amulet)
HPRegen 0.42/turn               u - ring of fire
MPRegen 0.11/turn               h - ring of resist corrosion

@: tree-form, healing quickly
A: stationary, stasis, torment immunity, boosted hp, alive, (fangs 3), see
invisible, vampiric 2
a: Exsanguinate


You were on level 6 of the Dungeon.
You were a tree.
You visited 1 branch of the dungeon, and saw 6 of its levels.

You collected 155 gold pieces.
You spent 125 gold pieces at shops.

Inventory:

Hand Weapons
 a - a +0 dagger of venom (weapon)
 b - a +1 hand crossbow
 j - a +0 lajatang
 t - a +0 morningstar
Missiles
 f - 59 stones (quivered)
 g - 48 sling bullets
 l - 15 arrows
Armour
 d - a +0 robe
 p - a +0 ring mail
 q - a +1 leather armour (melded)
Jewellery
 h - a ring of resist corrosion (right branch)
 u - a ring of fire (left branch)
Wands
 n - a wand of flame (2)
 o - a wand of polymorph (7)


   Skills:
 + Level 2.6 Fighting
 + Level 2.2 Short Blades
 + Level 4.4 Crossbows
 + Level 1.8 Armour
 + Level 3.2 Dodging
 + Level 1.3 Stealth
 + Level 1.5 Spellcasting
 + Level 5.1 Hexes
 + Level 0.8 Evocations


You had 8 spell levels left.
You knew the following spells:

 Your Spells              Type           Power      Damage    Failure   Level
a - Slow                  Hex            60%        N/A       3%          1

Your spell library contained the following spells:

 Spells                   Type           Power      Damage    Failure   Level
 Animate Skeleton         Necr           2%         N/A       26%         1
 Apportation              Tloc           2%         N/A       26%         1
 Summon Small Mammal      Summ           4%         N/A       26%         1
 Inner Flame              Hex/Fire       12%        N/A       26%         3
 Portal Projectile        Hex/Tloc       16%        N/A       26%         3
 Cause Fear               Hex            7%         N/A       30%         4
 Call Canine Familiar     Summ           1%         N/A       58%         3
 Leda's Liquefaction      Hex/Erth       4%         N/A       65%         4


Dungeon Overview and Level Annotations

Branches:
Dungeon (6/15)
 Temple: D:4-7

Altars:
Qazlal
Uskayaw

Shops:
D:3 ?

Annotations:
D:5 1 transporter, cbfl8's ghost, weakling MiDe
D:6 Edmund


Innate Abilities, Weirdness & Mutations

You are a tree.
Your roots penetrate the ground, keeping you stationary.
You cannot be teleported.
You are immune to unholy pain and torment.
Your maximum health is greatly increased.
Your equipment is partially melded.
Your natural rate of healing is accelerated.
((You have razor-sharp teeth.))
You have supernaturally acute eyesight. (SInv)
You are afflicted with vampirism and can become a bat while bloodless.


Message History

a +0 ring mail; a +0 morningstar; an orc skeleton You open the door.
The orc hits you with a +0 falchion.
* * * LOW HITPOINT WARNING * * *
The orc priest begins to cast a cantrip, but forgets the words!
The howler monkey hits you but does no damage.
The howler monkey closely misses you. The orc wizard barely misses you.
The water moccasin barely misses you.
Aiming: Polymorph
Press: ? - help, Shift-Dir - straight line, f - orc
Aim: an orc, wielding a +0 falchion (will become a goblin, a kobold, or a bat, chance to affect: 67%)
Okay, then.
Really quaff the potion of lignification?
Okay, then.
There are monsters nearby!
Really quaff the potion of lignification?
You turn into a tree.
Your +1 leather armour melds into your body.
Your roots penetrate the ground.
The orc hits you but does no damage.
The water moccasin bites you but does no damage.
The howler monkey hits you but does no damage. x2
The orc wizard casts a spell at you. The magic dart hits you.
* * * LOW HITPOINT WARNING * * *
You hit the orc priest.
The orc priest is moderately wounded.
The water moccasin bites you but does no damage.
The orc barely misses you.
The howler monkey hoots and howls with incredible vigour!
The howler monkey hits you.
* * * LOW HITPOINT WARNING * * *
The orc priest hits you but does no damage.
The orc wizard hits you but does no damage.
You hear a bark!
You hit the orc priest but do no damage.
The orc priest is poisoned.
The orc priest is moderately wounded.
The water moccasin bites you but does no damage.
The howler monkey hits you but does no damage. x2
The orc hits you but does no damage. The orc priest hits you with a +0 mace.
You die...

## ### ##. #...
.. . #.#.##.#
..#.
#.#..S.#.....
####S###........
#..@o♣o........#
#...hho........#
#........##.....
#........# ..o..
########........
####. o.# ...#


You could see Edmund, a water moccasin, 2 howler monkeys, an orc priest
(poisoned), an orc wizard and an orc.

Vanquished Creatures
  2 necrophages (D:5)
  A phantom (D:5)
  A scorpion (D:5)
  A bullfrog zombie (D:6)
  A bullfrog skeleton (D:5)
  2 hounds
  A jelly (D:5)
  An iguana (D:5)
  4 adders
  A worm (D:2)
  A dart slug (D:2)
  2 orcs
  3 bats
  5 endoplasms
  4 giant cockroaches
  4 goblins
  6 hobgoblins
  4 jackals (D:2)
  3 kobolds
  3 quokkas (D:1)
  7 ball pythons
  2 frilled lizards (D:1)
  7 rats
66 creatures vanquished.

Notes
Turn   | Place    | Note
-------+----------+-------------------------------------------
     0 | D:1      | croobank the Vampire Arcane Marksman began the quest for
                  | the Orb.
     0 | D:1      | Reached XP level 1. HP: 14/14 MP: 2/2
   184 | D:1      | Reached XP level 2. HP: 20/20 MP: 3/3
   185 | D:1      | Reached skill level 1 in Fighting
   202 | D:1      | Found a faded altar of an unknown god.
   485 | D:1      | Reached skill level 5 in Hexes
   544 | D:2      | Gained mutation: You are afflicted with vampirism and can
                  | become a bat while bloodless. [Vampire growth]
   544 | D:2      | Reached XP level 3. HP: 22/26 MP: 4/4
   873 | D:2      | Reached XP level 4. HP: 13/32 MP: 3/5
  1644 | D:4      | Found a hide-covered altar of Uskayaw.
  1686 | D:5      | Entered Level 5 of the Dungeon
  1686 | D:5      | Noticed a centaur
  1904 | D:4      | Noticed an ice beast
  1904 | D:4      | Noticed a phantom
  2016 | D:3      | Found a stormy altar of Qazlal.
  2098 | D:3      | Found Vyamiem's Magic Scroll Shop.
  2126 | D:3      | Bought a scroll of enchant weapon for 75 gold pieces
  2126 | D:3      | Bought a scroll of teleportation for 30 gold pieces
  2126 | D:3      | Bought a scroll of identify for 20 gold pieces
  2435 | D:5      | Noticed a necrophage
  2444 | D:5      | Noticed a necrophage
  2447 | D:5      | Noticed Edmund
  2448 | D:5      | Noticed a scorpion
  2456 | D:5      | Killed a scorpion
  2457 | D:5      | Reached skill level 1 in Short Blades
  2457 | D:5      | Reached XP level 5. HP: 22/38 MP: 7/7
  2561 | D:5      | Found a transporter.
  2565 | D:5      | Noticed cbfl8's ghost (weakling MiDe)
  2585 | D:5      | Reached skill level 1 in Stealth
  2675 | D:5      | Killed a necrophage
  2676 | D:5      | Reached XP level 6. HP: 43/44 MP: 8/8
  2703 | D:5      | Reached skill level 1 in Armour
  2772 | D:5      | Reached XP level 7. HP: 19/51 MP: 9/9
  3054 | D:6      | HP: 2/76 [orc wizard/magic dart (5)]
  3056 | D:6      | Slain by an orc priest

Illustrated notes

Levels and vault maps discovered:
D:1:      psy_arrival_conway, layout_basic, chequers_ecumenical_altar_simple
D:2:      layout_rooms, chequers_serial_rivers_small_3, serial_bayou_lagoon_a,
          minmay_distorted
D:3:      layout_basic, grunt_qazlal_clouds, serial_shops,
          nicolae_shop_advertising_works [nicolae_subvault_shop_adworks]
D:4:      layout_loops_ring, kennysheep_mini, ebering_ghost_gozag,
          minmay_circle_x
D:5:      layout_rooms, gammafunk_ghost_mausoleum,
          chequers_serial_rivers_small_3, uniq_edmund
D:6:      layout_basic, jmf_multi_god_temple, kennysheep_generic_room_15

Skill      XL: |  1  2  3  4  5  6  7 |
---------------+----------------------+-----
Fighting       | 1 2 |  2.6
Crossbows      | 2 3 4 |  4.4
Hexes          | 5 |  5.1
Short Blades   | 1 2 |  2.2
Stealth        | 1 |  1.3
Armour         | 1 |  1.8
Dodging        | 3 |  3.2
Spellcasting   | |  1.5
Evocations     | |  0.8

Action                   |  1- 3 |  4- 6 |  7- 9 || total
-------------------------+-------+-------+-------++-------
Melee: Dagger            |     3 |    98 |    53 ||   154
       Bite              |       |     7 |     4 ||    11
 Fire: Hand crossbow     |   105 |    53 |       ||   158
Throw: Stone             |       |     1 |       ||     1
 Cast: Slow              |     5 |     2 |     3 ||    10
Evoke: Wand              |       |     6 |       ||     6
  Use: Scroll            |       |     9 |     1 ||    10
       Potion            |       |     6 |     2 ||     8
 Stab: Sleeping          |       |     1 |       ||     1
Armor: Robe              |     7 |     7 |       ||    14
       Leather armour    |       |    19 |     7 ||    26
       Skin              |       |       |    48 ||    48
Dodge: Dodged            |    32 |    68 |    27 ||   127
